 Dungeon Crawl Stone Soup version 0.29.0-11-gd7f09526c8 (webtiles) character file.

Game seed: 13686831867906305930

124 SensoryNuts the Chopper (level 4, -1/35 HPs)
             Began as a Demonspawn Fighter on Sept 6, 2022.
             Succumbed to a goblin's poison
             ... on level 3 of the Dungeon.
             The game lasted 00:02:12 (3261 turns).

SensoryNuts the Chopper (Demonspawn Fighter)        Turns: 3261, Time: 00:02:13

Health: -1/35      AC:  7    Str: 18    XL:     4   Next: 81%
Magic:  4/4        EV:  9    Int: 10    God:
Gold:   142        SH:  0    Dex: 12    Spells: 3/3 levels left

rFire   . . .      SeeInvis .   a - +0 war axe
rCold   . . .      Faith    .   (no shield)
rNeg    . . .      Spirit   .   b - +0 scale mail
rPois   .          Reflect  .   (no helmet)
rElec   .          Harm     .   (no cloak)
rCorr   .          Rampage  .   (no gloves)
Will    .....                   n - +0 pair of boots {Fly}
Stlth   ..........              (no amulet)
HPRegen 0.11/turn               (no ring)
MPRegen 0.09/turn               (no ring)

@: lethally poisoned (-1 -> -13), flying
A: demonic guardian 1, demonic touch 1
a: no special abilities


You were on level 3 of the Dungeon.
You visited 1 branch of the dungeon, and saw 3 of its levels.

You collected 142 gold pieces.

Inventory:

Hand Weapons
 a - a +0 war axe (weapon)
Armour
 b - a +0 scale mail (worn)
 c - a +0 buckler
 n - a +0 pair of boots of flying (worn)
Jewellery
 f - a ring of fire
 p - a ring of fire
Scrolls
 q - a scroll of brand weapon {unknown}
Potions
 d - 2 potions of might
 h - 2 potions of berserk rage {unknown}
 i - a potion of magic
 j - a potion of mutation {unknown}
 k - 2 potions of cancellation {unknown}
 l - 3 potions of heal wounds {unknown}
 m - a potion of haste {unknown}
 o - a potion of lignification {unknown}


   Skills:
 + Level 3.3 Fighting
 * Level 3.6 Axes
 + Level 3.1 Armour
 + Level 1.1 Dodging
 + Level 3.0 Shields


You had 3 spell levels left.
You didn't know any spells.
Your spell library was empty.

Dungeon Overview and Level Annotations

Branches:
Dungeon (3/15)

Altars:
Ru

Annotations:
D:3 Robin


Innate Abilities, Weirdness & Mutations

A weak demonic guardian rushes to your aid.
Your touch may inflict minor irresistible damage on your foes.


Message History

Unknown command.
You hit the goblin.
You kill the goblin!
You closely miss the hobgoblin. Robin throws the goblin at you!
The hobgoblin hits you but does no damage.
The goblin unwields a +0 sling.
The goblin wields a +0 dagger.
The goblin hits you but does no damage. The hobgoblin hits you.
You closely miss the goblin. You hit the hobgoblin.
The goblin closely misses you.
Robin roars a battlecry!
The goblins go into a battle-frenzy!
The hobgoblin closely misses you. The goblin hits you with a +0 dagger.
Unknown command.
You closely miss the goblin. You slash the hobgoblin!
You kill the hobgoblin!
Robin throws the goblin at you! The goblin hits you with a +0 club.
A demonic guardian appears!
The goblin hits you with a +0 dagger.
You slash the goblin!
You kill the goblin!
You hit the goblin. Robin throws the goblin at you!
The goblin hits you but does no damage.
The goblin hits you with a +1 dagger of venom.
Your iron imp hits the goblin.
The goblin hits you with a +0 club. The goblin hits you but does no damage.
You are poisoned.
You closely miss the goblin.
The goblin is severely wounded.
You closely miss the goblin.
You feel sick. The goblin hits you with a +0 club.
The goblin hits you with a +1 dagger of venom.
You are lethally poisoned!
Your iron imp hits the goblin.
The goblin dies!
You feel very sick.
There is an open door here.
Items here: )))) †.
The goblin attacks as you move away! The goblin hits you with a +0 club.
* * * LOW HITPOINT WARNING * * *
x2 You feel very sick.
The goblin hits your iron imp but does no damage.
You die... ..... g.. gg.

#g# ###.### #g# ......# #g#
#.[...# ##5## #.....#
##...#####.#### #.....#
##....@........# ## #.....#
##.......###.##.##.##
#.....####.......>.#
........#
.........'.........+
.......
...)..####.........###....#
#.##.## ##..............#
#.#### ##.....#####.# #)#
##...## #)# #.#### #'## #.#


You could see a goblin (strong, ally target) and a friendly iron imp (summoned).

Vanquished Creatures
  3 gnolls (D:3)
  2 adders (D:2)
  A worm (D:2)
  5 dart slugs
  4 orcs (D:3)
  2 endoplasms (D:1)
  4 giant cockroaches
  4 goblins
  6 hobgoblins
  5 jackals
  3 quokkas
  3 ball pythons
  7 bats
  2 frilled lizards
  3 kobolds
  5 rats
59 creatures vanquished.

Vanquished Creatures (collateral kills)
  A goblin (D:3)
1 creature vanquished.

Grand Total: 60 creatures vanquished

Notes
Turn   | Place    | Note
-------+----------+-------------------------------------------
     0 | D:1      | SensoryNuts the Demonspawn Fighter began the quest for the
                  | Orb.
     0 | D:1      | Reached XP level 1. HP: 18/18 MP: 1/1
   377 | D:1      | Found a faded altar of an unknown god.
   533 | D:1      | Discovered your monstrous ancestry.
   533 | D:1      | Gained mutation: Your touch may inflict minor irresistible
                  | damage on your foes. [demonic ancestry]
   533 | D:1      | Reached XP level 2. HP: 23/24 MP: 2/2
  1463 | D:2      | Reached XP level 3. HP: 24/29 MP: 3/3
  1752 | D:2      | Found a sacrificial altar of Ru.
  1913 | D:2      | Reached skill level 1 in Dodging
  2015 | D:2      | Gained mutation: A weak demonic guardian rushes to your
                  | aid. [demonic ancestry]
  2015 | D:2      | Reached XP level 4. HP: 13/35 MP: 4/4
  3252 | D:3      | Noticed Robin
  3261 | D:3      | Succumbed to a goblin's poison

Illustrated notes

Levels and vault maps discovered:
D:1:      elethiomel_arrival_maze, layout_loops_ring, basic_ecumenical_altar,
          dreamdust_wishing_well, minmay_pentomino_v4
D:2:      layout_basic, basic_altar
D:3:      layout_loops_corners, uniq_robin

Skill      XL: |  1  2  3  4 |
---------------+-------------+-----
Axes           | 2 3 |  3.6
Shields        | 3 |  3.0
Dodging        | 1 |  1.1
Armour         | 3 |  3.1
Fighting       | |  3.3

Action                   |  1- 3 |  4- 6 || total
-------------------------+-------+-------++-------
Melee: War axe           |    83 |    45 ||   128
       Touch             |    11 |     4 ||    15
  Use: Scroll            |     4 |     4 ||     8
       Potion            |       |     1 ||     1
Armor: Scale mail        |    57 |    22 ||    79
Dodge: Dodged            |    45 |    24 ||    69
Block: Buckler           |     8 |       ||     8
